TOP OF THE 1ST |
Bozeman Pheasants batting - Pitching for Idaho Falls Spuds : RHP Shawn Barton
|
Pitching: RHP Shawn Barton
|
|
Batting: SHB Marlin Methven
|
0-0: Ball 1-0: Called Strike 1-1: Ball 2-1: Fly out, F4 (Popup, 4, EV 48.8 MPH)
|
Batting: RHB Willie Picchioni
|
0-0: Called Strike 0-1: Called Strike 0-2: Ball 1-2: Ball 2-2: SINGLE (Groundball, 56D, EV 106.3 MPH)
|
Batting: LHB Ronald Kelly
|
0-0: Called Strike Willie Picchioni is caught stealing 2nd base 2-6 0-1: Called Strike 0-2: Strikes out swinging
|
Top of the 1st over - 0 runs, 1 hit, 0 errors, 0 left on base; Bozeman 0 - Idaho Falls 0 |
BOTTOM OF THE 1ST |
Idaho Falls Spuds batting - Pitching for Bozeman Pheasants : RHP Jim Gott
|
Pitching: RHP Jim Gott
|
|
Batting: RHB Reginald Mosley
|
0-0: Foul Ball, location: 2F 0-1: Ball 1-1: Ground out 5-3 (Groundball, 5, EV 84.4 MPH)
|
Batting: LHB Joel Weatherford
|
0-0: Foul Ball, location: 2F 0-1: Ball 1-1: Ball 2-1: Called Strike 2-2: Fly out, F3 (Flyball, 3D, EV 90.0 MPH)
|
Batting: LHB Tom Francis
|
0-0: Swinging Strike 0-1: Foul Ball, location: 2F 0-2: Strikes out looking
|
Bottom of the 1st over - 0 runs, 0 hits, 0 errors, 0 left on base; Bozeman 0 - Idaho Falls 0 |
TOP OF THE 2ND |
Bozeman Pheasants batting - Pitching for Idaho Falls Spuds : RHP Shawn Barton
|
Batting: RHB Thomas Fettig
|
0-0: Foul Ball, location: 2F 0-1: Ball 1-1: Ball 2-1: Swinging Strike 2-2: Ball 3-2: Base on Balls
|
Batting: LHB Steve Padia
|
0-0: Foul Ball, location: 2F 0-1: Called Strike 0-2: Fly out, F7 (Flyball, 7, EV 90.0 MPH)
|
Batting: LHB Russ Orrick
|
0-0: Ball Wild Pitch! Thomas Fettig to second 1-0: Ball 2-0: Fly out, F6 (Popup, 6, EV 65.6 MPH)
|
Batting: RHB Tom Duggan
|
0-0: Foul Ball, location: 2F 0-1: Ball 1-1: Called Strike 1-2: Ball 2-2: Foul Ball, location: 2F 2-2: Ball 3-2: Foul Ball, location: 2F 3-2: Base on Balls
|
Batting: LHB Billy Fink
|
0-0: Ground out U3 (Groundball, 3L, EV 79.4 MPH)
|
Top of the 2nd over - 0 runs, 0 hits, 0 errors, 2 left on base; Bozeman 0 - Idaho Falls 0 |
BOTTOM OF THE 2ND |
Idaho Falls Spuds batting - Pitching for Bozeman Pheasants : RHP Jim Gott
|
Batting: RHB Billie Merrifield
|
0-0: Swinging Strike 0-1: DOUBLE (Line Drive, 78M, EV 91.9 MPH)
|
Batting: RHB Brian Dorsett
|
0-0: Ball 1-0: Ball 2-0: Ball 3-0: Called Strike 3-1: Base on Balls
|
Batting: LHB Jeffrey Greene
|
0-0: Ball 1-0: Ball 2-0: Ball 3-0: Base on Balls Billie Merrifield to third Brian Dorsett to second
|
Batting: RHB Juan Barajas
|
0-0: Ball 1-0: Fielders Choice at 2nd, 6-4 (Groundball, 6, EV 86.3 MPH) Billie Merrifield scores Brian Dorsett to third
|
Batting: RHB Jose Mateo
|
0-0: Ball 1-0: Foul Ball, location: 2F 1-1: Called Strike 1-2: Strikes out swinging
|
Batting: SHB Ramon Romero
|
0-0: Ball 1-0: Ball 2-0: Ball 3-0: Called Strike 3-1: Base on Balls Juan Barajas to second
|
Batting: RHB Reginald Mosley
|
0-0: Ball 1-0: Called Strike 1-1: Swinging Strike 1-2: Strikes out swinging
|
Bottom of the 2nd over - 1 run, 1 hit, 0 errors, 3 left on base; Bozeman 0 - Idaho Falls 1 |
TOP OF THE 3RD |
Bozeman Pheasants batting - Pitching for Idaho Falls Spuds : RHP Shawn Barton
|
Batting: RHB Greg Toler
|
0-0: Fly out, F8 (Line Drive, 8RM, EV 107.5 MPH)
|
Batting: SHB Marlin Methven
|
0-0: Ball 1-0: Ball 2-0: Ball 3-0: Base on Balls
|
Batting: RHB Willie Picchioni
|
0-0: Ball 1-0: Called Strike 1-1: Ball 2-1: SINGLE (Groundball, 34D, EV 100.0 MPH) Marlin Methven to second Runner from 2nd tries for 3rd, SAFE, throw by RF made to third
|
Batting: LHB Ronald Kelly
|
0-0: Foul Ball, location: 2F 0-1: Ball 1-1: Ball 2-1: Fly out, F8 (Flyball, 78D, EV 91.9 MPH) Runner from 3rd tags up, SCORES, throw by CF
|
Batting: RHB Thomas Fettig
|
0-0: Ball 1-0: Foul Ball, location: 2F 1-1: Fielders Choice at 2nd, 6-4 (Groundball, 6, EV 100.6 MPH)
|
Top of the 3rd over - 1 run, 1 hit, 0 errors, 1 left on base; Bozeman 1 - Idaho Falls 1 |
BOTTOM OF THE 3RD |
Idaho Falls Spuds batting - Pitching for Bozeman Pheasants : RHP Jim Gott
|
Batting: LHB Joel Weatherford
|
0-0: Ball 1-0: Ball 2-0: Ball 3-0: Called Strike 3-1: Base on Balls
|
Batting: LHB Tom Francis
|
0-0: Ground out 4-3 (Groundball, 13, EV 76.3 MPH) Joel Weatherford to second
|
Batting: RHB Billie Merrifield
|
0-0: Ball 1-0: Foul Ball, location: 2F 1-1: Swinging Strike 1-2: Ground out 6-3 (Groundball, 6, EV 84.4 MPH)
|
Batting: RHB Brian Dorsett
|
0-0: Foul Ball, location: 2F 0-1: Ground out 4-3 (Groundball, 4, EV 87.5 MPH)
|
Bottom of the 3rd over - 0 runs, 0 hits, 0 errors, 1 left on base; Bozeman 1 - Idaho Falls 1 |
TOP OF THE 4TH |
Bozeman Pheasants batting - Pitching for Idaho Falls Spuds : RHP Shawn Barton
|
Batting: LHB Steve Padia
|
0-0: Fly out, F4 (Popup, 4, EV 64.4 MPH)
|
Batting: LHB Russ Orrick
|
0-0: Ground out 3-1 (Groundball, 34, EV 92.5 MPH)
|
Batting: RHB Tom Duggan
|
0-0: Called Strike 0-1: SINGLE (Line Drive, 7S, EV 94.4 MPH)
|
Batting: LHB Billy Fink
|
0-0: Foul Ball, location: 2F 0-1: Fly out, F8 (Flyball, 8RD, EV 90.6 MPH)
|
Top of the 4th over - 0 runs, 1 hit, 0 errors, 1 left on base; Bozeman 1 - Idaho Falls 1 |
BOTTOM OF THE 4TH |
Idaho Falls Spuds batting - Pitching for Bozeman Pheasants : RHP Jim Gott
|
Batting: LHB Jeffrey Greene
|
0-0: Ball 1-0: Foul Ball, location: 2F 1-1: Ball 2-1: Fly out, F9 (Flyball, 89M, EV 88.1 MPH)
|
Batting: RHB Juan Barajas
|
0-0: Called Strike 0-1: Swinging Strike 0-2: Strikes out swinging
|
Batting: RHB Jose Mateo
|
0-0: Ball 1-0: Foul Ball, location: 2F 1-1: Foul Ball, location: 2F 1-2: Strikes out swinging
|
Bottom of the 4th over - 0 runs, 0 hits, 0 errors, 0 left on base; Bozeman 1 - Idaho Falls 1 |
TOP OF THE 5TH |
Bozeman Pheasants batting - Pitching for Idaho Falls Spuds : RHP Shawn Barton
|
Batting: RHB Greg Toler
|
0-0: Foul Ball, location: 2F 0-1: Ball 1-1: Ball 2-1: Called Strike 2-2: SINGLE (Flyball, 6D, EV 88.8 MPH)
|
Batting: SHB Marlin Methven
|
0-0: Sac Bunt to 13 - play at first, batter OUT! 1-4 Greg Toler to second
|
Pitching: RHP Don Long
|
|
Batting: RHB Willie Picchioni
|
0-0: Swinging Strike 0-1: Ball 1-1: Ball 2-1: Called Strike 2-2: Foul Ball, location: 2F 2-2: Foul Ball, location: 2F 2-2: Fly out, F8 (Flyball, 8LD, EV 80.0 MPH)
|
Batting: LHB Ronald Kelly
|
0-0: Ball 1-0: Called Strike 1-1: Fly out, F7 (Flyball, 7, EV 86.9 MPH)
|
Top of the 5th over - 0 runs, 1 hit, 0 errors, 1 left on base; Bozeman 1 - Idaho Falls 1 |
BOTTOM OF THE 5TH |
Idaho Falls Spuds batting - Pitching for Bozeman Pheasants : RHP Jim Gott
|
Batting: SHB Ramon Romero
|
0-0: Swinging Strike 0-1: Called Strike 0-2: Strikes out looking
|
Batting: RHB Reginald Mosley
|
0-0: Ball 1-0: Fly out, F3 (Flyball, 3D, EV 89.4 MPH)
|
Batting: LHB Joel Weatherford
|
0-0: Fly out, F8 (Line Drive, 8RD, EV 93.1 MPH)
|
Bottom of the 5th over - 0 runs, 0 hits, 0 errors, 0 left on base; Bozeman 1 - Idaho Falls 1 |
TOP OF THE 6TH |
Bozeman Pheasants batting - Pitching for Idaho Falls Spuds : RHP Don Long
|
Batting: RHB Thomas Fettig
|
0-0: Called Strike 0-1: Fly out, F9 (Flyball, 89D, EV 100.6 MPH)
|
Batting: LHB Steve Padia
|
0-0: Ball 1-0: Foul Ball, location: 2F 1-1: SINGLE (Line Drive, 7S, EV 110.6 MPH)
|
Batting: LHB Russ Orrick
|
0-0: Ball 1-0: Ground out 4-3 (Groundball, 34S, EV 65.6 MPH) Steve Padia to second
|
Batting: RHB Tom Duggan
|
0-0: Called Strike 0-1: Ball 1-1: Swinging Strike 1-2: DOUBLE (Line Drive, 78D, EV 104.4 MPH) Steve Padia scores
|
Batting: LHB Billy Fink
|
0-0: Ground out 3-1 (Groundball, 34S, EV 77.5 MPH)
|
Top of the 6th over - 1 run, 2 hits, 0 errors, 1 left on base; Bozeman 2 - Idaho Falls 1 |
BOTTOM OF THE 6TH |
Idaho Falls Spuds batting - Pitching for Bozeman Pheasants : RHP Jim Gott
|
Batting: LHB Tom Francis
|
0-0: Ball 1-0: Ball 2-0: Ball 3-0: Base on Balls
|
Batting: RHB Billie Merrifield
|
0-0: Called Strike 0-1: Reached on error, E7 (Flyball, 7S, EV 84.4 MPH) Tom Francis to second
|
Batting: RHB Brian Dorsett
|
0-0: Called Strike 0-1: Ball 1-1: Ball 2-1: SINGLE (Line Drive, 6M, EV 94.4 MPH) Tom Francis to third Billie Merrifield to second
|
Batting: LHB Jeffrey Greene
|
0-0: Fly out, F8 (Flyball, 8RM, EV 90.6 MPH)
|
Batting: RHB Juan Barajas
|
0-0: Foul Ball, location: 2F 0-1: Swinging Strike 0-2: Ball 1-2: Foul Ball, location: 2F 1-2: Ball 2-2: Fly out, F9 (Flyball, 9S, EV 86.9 MPH)
|
Batting: RHB Jose Mateo
|
0-0: Called Strike 0-1: Called Strike 0-2: Foul Ball, location: 2F 0-2: Strikes out swinging
|
Bottom of the 6th over - 0 runs, 1 hit, 1 error, 3 left on base; Bozeman 2 - Idaho Falls 1 |
TOP OF THE 7TH |
Bozeman Pheasants batting - Pitching for Idaho Falls Spuds : RHP Don Long
|
Batting: RHB Greg Toler
|
0-0: Foul Ball, location: 2F 0-1: Foul Ball, location: 2F 0-2: Foul Ball, location: 2F 0-2: Fly out, F7 (Flyball, 7S, EV 92.5 MPH)
|
Batting: SHB Marlin Methven
|
0-0: Foul Ball, location: 2F 0-1: Ball 1-1: Ball 2-1: Foul Ball, location: 2F 2-2: Foul Ball, location: 2F 2-2: SINGLE (Groundball, 25, EV 71.3 MPH) (infield hit)
|
Batting: RHB Willie Picchioni
|
0-0: Called Strike Marlin Methven steals 2nd base 0-1: Ball 1-1: Ball 2-1: Ball 3-1: Foul Ball, location: 2F 3-2: Fly out, F9 (Flyball, 9S, EV 88.8 MPH)
|
Batting: LHB Ronald Kelly
|
0-0: Ball 1-0: Ball 2-0: Ball 3-0: Base on Balls
|
Batting: RHB Thomas Fettig
|
0-0: Fly out, F8 (Flyball, 8RD, EV 79.4 MPH)
|
Top of the 7th over - 0 runs, 1 hit, 0 errors, 2 left on base; Bozeman 2 - Idaho Falls 1 |
BOTTOM OF THE 7TH |
Idaho Falls Spuds batting - Pitching for Bozeman Pheasants : RHP Jim Gott
|
Batting: SHB Ramon Romero
|
0-0: Foul Ball, location: 2F 0-1: Ball 1-1: Ball 2-1: Foul Ball, location: 2F 2-2: Ball 3-2: Strikes out swinging
|
Batting: RHB Reginald Mosley
|
0-0: Swinging Strike 0-1: Swinging Strike 0-2: Fly out, F7 (Flyball, 78M, EV 91.3 MPH)
|
Batting: LHB Joel Weatherford
|
0-0: Ball 1-0: Ball 2-0: Swinging Strike 2-1: Foul Ball, location: 2F 2-2: Ball 3-2: Ground out 4-3 (Groundball, 4, EV 88.1 MPH)
|
Bottom of the 7th over - 0 runs, 0 hits, 0 errors, 0 left on base; Bozeman 2 - Idaho Falls 1 |
TOP OF THE 8TH |
Bozeman Pheasants batting - Pitching for Idaho Falls Spuds : RHP Don Long
|
Batting: LHB Steve Padia
|
0-0: SINGLE (Line Drive, 7S, EV 109.4 MPH)
|
Batting: LHB Russ Orrick
|
0-0: Ball 1-0: Ball 2-0: DOUBLE (Line Drive, 89D, EV 108.1 MPH) Steve Padia to third
|
Batting: RHB Tom Duggan
|
0-0: Ball 1-0: Called Strike 1-1: Ball 2-1: Ball 3-1: Base on Balls
|
Batting: LHB Billy Fink
|
0-0: Ball 1-0: Foul Ball, location: 2F 1-1: Swinging Strike 1-2: Foul Ball, location: 2F 1-2: Ball 2-2: SINGLE (Groundball, 6M, EV 103.1 MPH) Steve Padia scores Russ Orrick to third Tom Duggan to second Runner from 3rd tries for Home, SAFE, throw by CF to home
|
Batting: RHB Greg Toler
|
0-0: SINGLE (Groundball, 56D, EV 96.3 MPH) Tom Duggan to third Billy Fink to second
|
Batting: SHB Marlin Methven
|
0-0: Foul Ball, location: 2F 0-1: Foul Ball, location: 2F 0-2: Ball 1-2: Ball 2-2: SINGLE (Groundball, 23, EV 68.8 MPH) (infield hit) Tom Duggan scores Billy Fink to third Greg Toler to second
|
Pitching: RHP Jack Gallo
|
|
Batting: RHB Willie Picchioni
|
0-0: Foul Ball, location: 2F 0-1: Fielders Choice at 2nd, 5-4 (Groundball, 5, EV 103.1 MPH) Billy Fink scores Greg Toler to third
|
Batting: LHB Ronald Kelly
|
0-0: Called Strike 0-1: Ball 1-1: Ball 2-1: Swinging Strike 2-2: Foul Ball, location: 2F 2-2: Ball 3-2: Base on Balls Willie Picchioni to second
|
Batting: RHB Thomas Fettig
|
0-0: Ball 1-0: Swinging Strike 1-1: Ball 2-1: Ball 3-1: Fly out, F9 (Flyball, 9LD, EV 100.6 MPH) Runner from 3rd tags up, SCORES, throw by RF Willie Picchioni to third
|
Batting: LHB Steve Padia
|
0-0: Swinging Strike 0-1: Ball Wild Pitch! Willie Picchioni scores Ronald Kelly to second 1-1: Foul Ball, location: 2F 1-2: Ground out 6-3 (Groundball, 6, EV 97.5 MPH)
|
Top of the 8th over - 6 runs, 5 hits, 0 errors, 1 left on base; Bozeman 8 - Idaho Falls 1 |
BOTTOM OF THE 8TH |
Idaho Falls Spuds batting - Pitching for Bozeman Pheasants : RHP Jim Gott
|
Pinch Hitting: RHB Anthony Gilmore
|
0-0: Ball 1-0: Ball 2-0: Fly out, F8 (Flyball, 8LS, EV 87.5 MPH)
|
Pinch Hitting: RHB Kris Kline
|
0-0: Ball 1-0: Foul Ball, location: 2F 1-1: Fly out, F3 (Flyball, 3D, EV 88.8 MPH)
|
Batting: RHB Brian Dorsett
|
0-0: Ball 1-0: DOUBLE (Groundball, 3L, EV 105.0 MPH)
|
Batting: LHB Jeffrey Greene
|
0-0: Swinging Strike 0-1: Ball 1-1: Ball 2-1: Fly out, F6 (Line Drive, 6, EV 68.1 MPH)
|
Bottom of the 8th over - 0 runs, 1 hit, 0 errors, 1 left on base; Bozeman 8 - Idaho Falls 1 |
TOP OF THE 9TH |
Bozeman Pheasants batting - Pitching for Idaho Falls Spuds : RHP Jack Gallo
|
Now at 1B: Luis Serrano
|
|
Now in LF: Gary Robbins
|
|
Batting: LHB Russ Orrick
|
0-0: Foul Ball, location: 2F 0-1: Ball 1-1: Ball 2-1: Foul Ball, location: 2F 2-2: Foul Ball, location: 2F 2-2: Foul Ball, location: 2F 2-2: Ball 3-2: Base on Balls
|
Batting: RHB Tom Duggan
|
0-0: Ball 1-0: Ball 2-0: Foul Ball, location: 2F 2-1: Ball 3-1: Called Strike 3-2: Foul Ball, location: 2F 3-2: Foul Ball, location: 2F 3-2: Fly out, F8 (Flyball, 8RS, EV 85.6 MPH)
|
Batting: LHB Billy Fink
|
0-0: Called Strike 0-1: Swinging Strike 0-2: Ball 1-2: Ball 2-2: Fly out, F8 (Flyball, 8RS, EV 90.0 MPH)
|
Batting: RHB Greg Toler
|
0-0: Ball 1-0: Ball 2-0: Swinging Strike Passed Ball! Russ Orrick to second 2-1: Foul Ball, location: 2F 2-2: Foul Ball, location: 2F 2-2: Foul Ball, location: 2F 2-2: Foul Ball, location: 2F 2-2: Foul Ball, location: 2F 2-2: SINGLE (Line Drive, 9S, EV 101.3 MPH) Russ Orrick to third Runner from 3rd tries for Home, SAFE, throw by RF to home
|
Batting: SHB Marlin Methven
|
0-0: Ball 1-0: Ball 2-0: Ball 3-0: Swinging Strike 3-1: Base on Balls Greg Toler to second
|
Batting: RHB Willie Picchioni
|
0-0: Foul Ball, location: 2F 0-1: Ball Wild Pitch! Greg Toler to third Marlin Methven to second 1-1: Foul Ball, location: 2F 1-2: SINGLE (Line Drive, 9LS, EV 107.5 MPH) Greg Toler scores Marlin Methven to third Runner from 3rd tries for Home, SAFE, throw by RF to home Willie Picchioni to second
|
Pitching: RHP Gerardo Moreno
|
|
Pinch Hitting: LHB Billy Williams
|
0-0: Foul Ball, location: 2F 0-1: Foul Ball, location: 2F 0-2: SINGLE (Groundball, 4MD, EV 100.6 MPH) Willie Picchioni to third Runner from 3rd tries for Home, SAFE, throw by CF to home Billy Williams to second
|
Pinch Hitting: RHB Frank Moscat
|
0-0: Ball 1-0: Fly out, F8 (Flyball, 89D, EV 101.9 MPH)
|
Top of the 9th over - 4 runs, 3 hits, 0 errors, 1 left on base; Bozeman 12 - Idaho Falls 1 |
BOTTOM OF THE 9TH |
Idaho Falls Spuds batting - Pitching for Bozeman Pheasants : RHP Jim Gott
|
Now at 1B: Billy Williams
|
|
Now at SS: Frank Moscat
|
|
Batting: RHB Juan Barajas
|
0-0: Called Strike 0-1: Ball 1-1: Ball 2-1: Fly out, F3 (Popup, 34, EV 76.3 MPH)
|
Pinch Hitting: RHB Jesse Lucious
|
0-0: Ball 1-0: Ball 2-0: Called Strike 2-1: Ball 3-1: Fly out, F2 (Popup, 3SF, EV 90.6 MPH)
|
Batting: SHB Ramon Romero
|
0-0: Ball 1-0: Fly out, F9 (Line Drive, 9, EV 83.1 MPH)
|
Bottom of the 9th over - 0 runs, 0 hits, 0 errors, 0 left on base; Bozeman 12 - Idaho Falls 1 |
|